 Dungeon Crawl Stone Soup version 0.30-a0-883-g5ad918d77d (webtiles) character file.

Game seed: 5172322809887249458

62163 Iich the Severer (level 14, -1/107 HPs)
             Began as a Demonspawn Fighter on Mar 16, 2023.
             Was an Initiate of Gozag.
             Engulfed by an ice statue's freezing vapour (13 damage)
             ... in an ice cave.
             The game lasted 00:37:44 (22976 turns).

Iich the Severer (Demonspawn Fighter)              Turns: 22976, Time: 00:37:44

Health: -1/107     AC: 22    Str: 17    XL:     14   Next: 63%
Magic:  14/14      EV:  7    Int: 10    God:    Gozag
Gold:   1349       SH: 15    Dex: 17    Spells: 13/13 levels left

rFire   + . .      SeeInvis +    K - +9 broad axe (elec)
rCold   . . .      Faith    .    q - +0 kite shield
rNeg    . . .      Spirit   .    y - +0 plate armour
rPois   .          Reflect  +    (helmet restricted)
rElec   .          Rampage  .    f - +2 cloak
rCorr   .          Clarity  +    M - +0 pair of gloves
Will    +....                    k - +2 pair of boots Stlth
                                 l - amulet of reflection
HPRegen 0.37/turn                F - ring of protection from fire
MPRegen 0.14/turn                S - ring of see invisible

@: studying 2 skills
A: horns 2, icy blue scales 2, demonic guardian 3, spiny 2, clarity, frail 1,
shaggy fur 1
a: Renounce Religion, Potion Petition, Call Merchant, Bribe Branch


You were in an ice cave.
You worshipped Gozag.
Gozag was most pleased with you.
You visited 2 branches of the dungeon, and saw 17 of its levels.
You also visited: Ice Cave.

You collected 4840 gold pieces.
You spent 487 gold pieces at shops.
You paid 3004 gold pieces to Gozag.

Inventory:

Hand Weapons
 K - a +9 broad axe of electrocution (weapon)
Missiles
 x - 2 throwing nets (quivered)
Armour
 b - a +0 scale mail
 c - a +0 buckler
 f - a +2 cloak (worn)
 k - a +2 pair of boots (worn)
 q - a +0 kite shield (worn)
 y - a +0 plate armour (worn)
 M - a +0 pair of gloves (worn)
Jewellery
 l - an amulet of reflection (around neck)
 F - a ring of protection from fire (left hand)
 N - a ring of positive energy
 S - a ring of see invisible (right hand)
 U - a ring of magical power
 V - an amulet of magic regeneration
Wands
 p - a wand of paralysis (12)
 z - a wand of iceblast (1)
 C - a wand of flame (44)
 D - a wand of digging (2)
 G - a wand of light (7)
 L - a wand of mindburst (4)
 R - a wand of polymorph (34)
Scrolls
 g - a scroll of fear
 i - 4 scrolls of identify
 j - a scroll of poison
 m - 3 scrolls of amnesia
 o - a scroll of silence
 r - a scroll of torment
 t - 9 scrolls of teleportation
 u - a scroll of magic mapping
 v - a scroll of vulnerability
 B - 4 scrolls of blinking
 E - a scroll of noise
 Q - a scroll of summoning
 T - a scroll of enchant weapon
 W - 2 scrolls of immolation
Potions
 a - a potion of berserk rage
 d - a potion of might
 e - a potion of cancellation
 h - 3 potions of haste
 n - 3 potions of resistance
 s - 2 potions of brilliance
 w - a potion of lignification
 A - 2 potions of degeneration
 H - 2 potions of flight
 I - a potion of ambrosia
 J - a potion of attraction
 O - 2 potions of magic
Miscellaneous
 P - a phantom mirror


   Skills:
 + Level 13.8 Fighting
 * Level 17.3 Axes
 - Level 2.6 Armour
 + Level 10.9 Dodging
 + Level 4.2 Shields


You had 13 spell levels left.
You didn't know any spells.
Your spell library contained the following spells:

 Spells                   Type           Power      Damage    Failure   Level
 Apportation              Tloc           0%         N/A       100%        1
 Beastly Appendage        Tmut           0%         N/A       100%        1
 Cigotuvi's Dreadful Rot  Necr/Pois/Air  0%         N/A       100%        2
 Momentum Strike          Conj/Tloc      0%         3d8       100%        2
 Scorch                   Fire           0%         2d5       100%        2
 Wereblood                Tmut           0%         N/A       100%        2
 Gell's Gravitas          Tloc           0%         N/A       100%        3
 Spider Form              Tmut/Pois      0%         N/A       100%        3
 Anguish                  Hex/Necr       0%         N/A       100%        4
 Flame Wave               Conj/Fire      0%         2d4       100%        4
 Iskenderun's Mystic Bla  Conj/Tloc      0%         2d3       100%        4
 Alistair's Intoxication  Tmut/Pois      0%         N/A       100%        5
 Borgnjor's Vile Clutch   Necr/Erth      0%         N/A       100%        5
 Lee's Rapid Deconstruct  Erth           0%         3d4*      100%        5
 Yara's Violent Unravell  Hex/Tmut       0%         3d3       100%        5
 Eringya's Noxious Bog    Tmut/Pois      0%         N/A       100%        6
 Iron Shot                Conj/Erth      0%         9d1       100%        6
 Statue Form              Tmut/Erth      0%         N/A       100%        6
 Enfeeble                 Hex            0%         N/A       100%        7


Dungeon Overview and Level Annotations

Branches:
Dungeon (12/15)            Temple (0/1) D:7            Lair (5/5) D:8
  Swamp (0/4) Lair:2        Snake (0/4) Lair:2        Slime (0/5) Lair:4
    Orc (0/2) D:10          IceCv (1/1)

Altars:
Ashenzari
Cheibriados
Fedhas
Gozag
Ru
Sif Muna
Uskayaw
Vehumet
Xom
Jiyva

Shops:
D:9 ?   D:10 *

Annotations:
IceCv exclusion: 2 ice statues


Innate Abilities, Weirdness & Mutations

You have a pair of horns on your head.
You are mostly covered in icy blue scales. (AC +3)
A powerful demonic guardian rushes to your aid.
You are mostly covered in sharp spines.
You possess an exceptional clarity of mind.
You are frail. (-10% HP)
You are covered in fur. (AC +1)


Message History

The ice beast closely misses you.
You take 13 damage, and have 94/107 hp.
You slash the ice statue!
The ice statue is heavily damaged.
You slash the ice beast!
Lightning courses through the ice beast!!
You kill the ice beast!
The ice beast disappears in a puff of smoke!
You slash the ice beast!
You are engulfed in freezing vapours.
You block the ice beast's attack. The ice statue gestures at you.
The shard of ice hits you!
A demonic guardian appears!
The ice statue glitters chillingly in the dim dungeon light.
You take 38 damage, and have 56/107 hp. !!!!--MASSIVE DAMAGE--!!!!
You hit the ice statue.
The ice statue is heavily damaged.
You barely miss the ice beast.
You are engulfed in freezing vapours.
* * * LOW HITPOINT WARNING * * *
The ice beast hits you but does no damage.
You take 10 damage, and have 46/107 hp.
You slash the ice statue!
The ice statue is heavily damaged.
You slice the ice beast!!
You kill the ice beast!
The ice beast disappears in a puff of smoke!
You are engulfed in freezing vapours.
* * * LOW HITPOINT WARNING * * *
You take 7 damage, and have 39/107 hp.
You slash the ice statue! You headbutt the ice statue.
The ice statue is severely damaged.
You are engulfed in freezing vapours.
* * * LOW HITPOINT WARNING * * *
The ice statue gestures at you. The bolt of cold hits you!
* * * LOW HITPOINT WARNING * * *
Your lorocyproca is engulfed in freezing vapours.
You take 27 damage, and have 12/107 hp. !!!!--MASSIVE DAMAGE--!!!!
You swap places.
You are engulfed in freezing vapours.
You die...
Your body crumbles into a pile of gold.

#####
##...#####
##........##
#..........##
##..........#.
#.°...........
#°.°°........
#○2°.......#
#8#@...#8###
####..## ##..#
##..## #..##
#...## ##...##
##...# ##...#


You could see a friendly lorocyproca (summoned, invisible).

Vanquished Creatures
  The ghost of nooxmaroon the Cleaver, a journeyman MiFi of Trog (D:11)
  A hydra (Lair:5)
  2 boulder beetles
  A two-headed ogre (D:11)
  5 death yaks
  A fire crab (Lair:3)
  A skyshark (Lair:2)
  4 skeletal warriors (D:11)
  A lindwurm (Lair:5)
  A manticore (D:11)
  10 elephants
  7 black mambas
  A gargoyle (D:11)
  14 cane toads
  2 torpor snails
  5 rime drakes
  3 ice devils
  5 komodo dragons
  4 trolls
  6 polar bears
  4 hornets (Lair:5)
  24 blink frogs
  19 dream sheep
  A ynoxinul (D:11)
  2 centaur simulacra (D:12)
  A wraith (D:12)
  33 yaks
  9 spriggans (Lair:5)
  10 wyverns
  A shadow (D:11)
  A vampire (D:12)
  2 basilisks
  4 fire bats (D:11)
  3 vampire mosquitoes (D:12)
  A steam dragon (D:10)
  2 swamp worms (Lair:2)
  An acid dragon (D:12)
  3 nagas (Lair:2)
  14 water moccasins
  A hell hound (D:11)
  A meliai simulacrum (D:12)
  5 orc warriors
  2 sky beasts
  3 ice beasts
  49 wolves
  6 black bears
  2 ogres (D:6)
  5 boggarts
  4 centaurs
  A phantom (D:6)
  Blork the orc (D:5)
  4 kobold brigands
  12 bullfrogs
  A gnoll sergeant (D:9)
  8 wights
  4 scorpions
  12 killer bees
  3 howler monkeys
  2 lava snakes (D:11)
  A hound (D:5)
  4 jellies
  2 gnoll boudas
  5 orc priests
  3 iguanas
  Ijyb (D:3)
  3 sleepcaps
  15 orc wizards
  6 hell rats (Lair:4)
  2 troll simulacra (IceCv)
  A polar bear simulacrum (IceCv)
  12 gnolls
  7 adders
  A shadow imp (D:8)
  A white imp (D:12)
  4 ufetubi
  4 worms
  4 dart slugs
  34 orcs
  9 ball pythons
  5 endoplasms
  2 giant cockroaches
  14 goblins
  7 hobgoblins
  7 jackals
  6 quokkas
  3 bats
  2 frilled lizards
  21 kobolds
  3 rats (D:1)
  A bush (Lair:5)
  A fire vortex (D:11)
527 creatures vanquished.

Vanquished Creatures (collateral kills)
  A skyshark (Lair:2)
  A skeletal warrior (D:11)
  3 cane toads
  An orange demon (D:10)
  2 trolls
  A polar bear (Lair:5)
  A blink frog (Lair:3)
  A spriggan (Lair:5)
  5 yaks (D:10)
  A basilisk (Lair:2)
  A water moccasin (Lair:3)
  6 wolves
  A centaur (D:10)
  A two-headed ogre simulacrum (IceCv)
26 creatures vanquished.

Vanquished Creatures (others)
  Amaemon (D:10)
  3 orcs (D:10)
  2 fire vortices (D:11)
  44 fungi
  67 plants
117 creatures vanquished.

Grand Total: 670 creatures vanquished

Notes
Turn   | Place    | Note
-------+----------+-------------------------------------------
     0 | D:1      | Iich the Demonspawn Fighter began the quest for the Orb.
     0 | D:1      | Reached XP level 1. HP: 18/18 MP: 1/1
    25 | D:1      | Reached skill level 2 in Axes
   190 | D:1      | Found a faded altar of an unknown god.
   314 | D:1      | Gained mutation: You have a pair of small horns on your
                  | head. [demonic ancestry]
   314 | D:1      | Reached XP level 2. HP: 24/24 MP: 2/2
   695 | D:1      | Gained mutation: You are partially covered in icy blue
                  | scales. (AC +2) [demonic ancestry]
   695 | D:1      | Reached XP level 3. HP: 27/29 MP: 3/3
   793 | D:1      | Reached skill level 3 in Axes
  1642 | D:3      | Reached XP level 4. HP: 32/37 MP: 4/4
  1820 | D:3      | Noticed Ijyb
  1860 | D:3      | Killed Ijyb
  2183 | D:3      | Found a blossoming altar of Fedhas.
  2203 | D:3      | Found a shimmering altar of Xom.
  2262 | D:3      | Found a snail-covered altar of Cheibriados.
  2348 | D:3      | Reached skill level 4 in Axes
  2564 | D:4      | Gained mutation: You are partially covered in sharp spines.
                  | [demonic ancestry]
  2564 | D:4      | Reached XP level 5. HP: 39/42 MP: 5/5
  2639 | D:4      | Reached skill level 5 in Axes
  2639 | D:4      | Reached XP level 6. HP: 26/49 MP: 6/6
  2787 | D:4      | Noticed an orc warrior
  3024 | D:4      | an orc warrior changed into a boggart
  3204 | D:4      | Reached skill level 5 in Fighting
  3705 | D:4      | Gained mutation: A weak demonic guardian rushes to your
                  | aid. [demonic ancestry]
  3705 | D:4      | Reached XP level 7. HP: 27/56 MP: 7/7
  3816 | D:5      | Entered Level 5 of the Dungeon
  3931 | D:5      | Reached skill level 6 in Axes
  4070 | D:5      | Noticed Blork the orc
  4082 | D:5      | Killed Blork the orc
  5008 | D:5      | Reached skill level 7 in Axes
  5148 | D:5      | Gained mutation: You are mostly covered in icy blue scales.
                  | (AC +3) [demonic ancestry]
  5148 | D:5      | Reached XP level 8. HP: 41/64 MP: 8/8
  6152 | D:6      | Reached skill level 8 in Axes
  6700 | D:6      | Found an opulent altar of Gozag.
  6711 | D:6      | Became a worshipper of Gozag Ym Sagoz the Greedy
  6968 | D:7      | Gained mutation: You have large cloven feet. [potion of
                  | mutation]
  6968 | D:7      | Gained mutation: You sometimes lose your temper in combat.
                  | [potion of mutation]
  6968 | D:7      | Gained mutation: You passively map a small area around you.
                  | [potion of mutation]
  6969 | D:7      | Lost mutation: You have large cloven feet. [potion of
                  | mutation]
  6969 | D:7      | Lost mutation: You sometimes lose your temper in combat.
                  | [potion of mutation]
  6969 | D:7      | Gained mutation: You sometimes lose your temper in combat.
                  | [potion of mutation]
  6969 | D:7      | Gained mutation: Potions are less effective at restoring
                  | your health. [potion of mutation]
  6969 | D:7      | Lost mutation: You sometimes lose your temper in combat.
                  | [potion of mutation]
  7209 | D:7      | Reached skill level 9 in Axes
  7307 | D:7      | Found a staircase to the Ecumenical Temple.
  7397 | D:7      | Gained mutation: You have a pair of horns on your head.
                  | [demonic ancestry]
  7397 | D:7      | Reached XP level 9. HP: 72/72 MP: 9/9
  7482 | D:7      | Reached skill level 1 in Dodging
  8032 | D:8      | Identified the +3 leather armour "Deff" {Int+3}
  8040 | D:8      | Found a broken altar of Ashenzari.
  8563 | D:8      | Reached skill level 10 in Axes
  8756 | D:8      | Found a staircase to the Lair.
  8825 | D:8      | Gained mutation: A demonic guardian rushes to your aid.
                  | [demonic ancestry]
  8825 | D:8      | Reached XP level 10. HP: 82/82 MP: 10/10
  8964 | D:8      | Found a hide-covered altar of Uskayaw.
  9578 | D:9      | Found Usoafyph's Magic Scroll Shoppe.
  9590 | D:9      | Bought a scroll of enchant armour for 90 gold pieces
  9590 | D:9      | Bought a scroll of enchant armour for 90 gold pieces
  9590 | D:9      | Bought a scroll of enchant weapon for 90 gold pieces
  9882 | D:9      | Reached skill level 11 in Axes
 10395 | D:10     | Entered Level 10 of the Dungeon
 10421 | D:10     | Found a radiant altar of Vehumet.
 10433 | D:10     | Noticed an orange demon
 10434 | D:10     | Noticed Amaemon
 10444 | D:10     | Killed Amaemon
 11233 | D:10     | Killed an orange demon
 11234 | D:10     | Reached skill level 5 in Dodging
 11337 | D:10     | Found a sacrificial altar of Ru.
 11667 | D:10     | Reached skill level 12 in Axes
 11667 | D:10     | Gained mutation: A powerful demonic guardian rushes to your
                  | aid. [demonic ancestry]
 11667 | D:10     | Reached XP level 11. HP: 40/90 MP: 11/11
 12079 | D:10     | Lost mutation: You passively map a small area around you.
                  | [potion of mutation]
 12079 | D:10     | Lost mutation: Potions are less effective at restoring your
                  | health. [potion of mutation]
 12079 | D:10     | Gained mutation: You possess an exceptional clarity of
                  | mind. [potion of mutation]
 12079 | D:10     | Gained mutation: You are frail. (-10% HP) [potion of
                  | mutation]
 12079 | D:10     | Gained mutation: You are covered in fur. (AC +1) [potion of
                  | mutation]
 12232 | D:10     | Found a staircase to the Orcish Mines.
 12417 | D:10     | Found a shimmering blue altar of Sif Muna.
 12508 | D:10     | Bought a runed broad axe for 217 gold pieces
 12579 | Lair:1   | Entered Level 1 of the Lair of Beasts
 12928 | Lair:1   | Reached skill level 10 in Fighting
 13098 | Lair:1   | Noticed a death yak
 13102 | Lair:1   | Noticed a death yak
 13102 | Lair:1   | Noticed a death yak
 13110 | Lair:1   | Killed a death yak
 13112 | Lair:1   | Killed a death yak
 13112 | Lair:1   | Killed a death yak
 13113 | Lair:1   | Reached skill level 13 in Axes
 13887 | Lair:1   | Reached XP level 12. HP: 89/89 MP: 12/12
 14162 | Lair:2   | Found a staircase to the Swamp.
 14430 | Lair:2   | Reached skill level 14 in Axes
 14675 | Lair:2   | Found a staircase to the Snake Pit.
 14698 | Lair:2   | HP: 3/90 [naga/+0 flail (8)]
 14699 | Lair:2   | HP: 1/90 [poisoned by a naga (splash of poison)]
 15653 | Lair:3   | Found the +4 skin of Zhor {*Englaciate rC+++ SInv}
 16113 | Lair:3   | Reached skill level 15 in Axes
 16224 | Lair:3   | Reached XP level 13. HP: 93/97 MP: 13/13
 17587 | Lair:4   | Found a staircase to the Slime Pits.
 17588 | Lair:4   | Found a viscous altar of Jiyva.
 17760 | Lair:4   | Got Sif Muna's Secrets of Cinders and Shapes
 17942 | Lair:4   | You fall into a shaft and drop 1 floor!
 17942 | Lair:5   | Entered Level 5 of the Lair of Beasts
 18167 | Lair:5   | Reached skill level 16 in Axes
 18584 | Lair:5   | Reached skill level 10 in Dodging
 18927 | Lair:5   | Gained mutation: You are mostly covered in sharp spines.
                  | [demonic ancestry]
 18927 | Lair:5   | Reached XP level 14. HP: 106/106 MP: 14/14
 19595 | Lair:4   | Identified the +0 robe "Vaurhada" {rPois Str-2 Dex+6
                  | Archmagi}
 20415 | Lair:5   | Paralysed by a hornet for 2 turns
 20860 | Lair:5   | Got the Atlas of Non-Euclidean Toxins
 21136 | D:11     | Noticed nooxmaroon's ghost (journeyman MiFi)
 21160 | D:11     | Reached skill level 17 in Axes
 21375 | D:11     | Found a runed translucent door.
 21407 | D:11     | Killed nooxmaroon's ghost
 21526 | D:11     | Got the Quarto of Geology
 22671 | D:12     | Found a frozen archway.
 22778 | IceCv    | Entered an ice cave
 22976 | IceCv    | Engulfed by an ice statue's freezing vapour

Illustrated notes

Levels and vault maps discovered:
D:1:      wander_arrival_fairy_ring, layout_basic,
          dreamdust_ecumenical_altar_angels_and_demons, dk_noncrumbling_2
D:2:      layout_loops_cross
D:3:      layout_basic, gammafunk_temple_overflow_forgotten,
          minmay_misc_feat_iff, grunt_ministairs_6,
          minmay_fractal_squares_gapless_5, uniq_ijyb
D:4:      layout_rooms, elyvilon_altar_1, minmay_manual_mail
D:5:      layout_layer_cave, minmay_manual_monolith, uniq_blork_the_orc
D:6:      nicolae_cairo_tiling_large, layout_rooms, lemuel_doored_altar,
          tso_altar, minmay_crossroads
D:7:      layout_loops_corners, zin_treasury, minmay_temple_entry_sparse_star
D:8:      layout_loops_cross, kennysheep_mini_moat, kennysheep_mini,
          minmay_lair_entry_grove, serial_bayou_pond_a, minivault_23,
          kennysheep_path_1
D:9:      layout_basic, serial_shops, nicolae_shop_statue_plus,
          minmay_misc_feat_nine_boxes
D:10:     layout_irregular_city, vehumet_altar_wand_db, amcnicky_altar_gilded,
          kennysheep_orc_sif_temple, orc_0_dummy, chequers_mini_garden,
          uniq_amaemon
D:11:     layout_irregular_city, hellmonk_ghost_big_iron, nicolae_sextant,
          hangedman_abyss_or_decor_jellyfish_corner, minmay_misc_feat_cross,
          palyth_stone_intersect, hangedman_incinerator
D:12:     layout_basic, serial_ice, serial_ice_d, serial_ice_b, serial_ice_a,
          serial_ice_m, serial_ice_o, portal_ice_cave_demonic_guard,
          kennysheep_treasure_room
Lair:1:   layout_cellular_growth, infiniplex_staircase_pool_2, lemuel_fruit_tree
Lair:2:   layout_chaotic_city, minmay_swamp_entry_worms,
          guppyfry_snake_entry_island, basic_altar
Lair:3:   nzn_winding_woodlands_cross [nzn_winding_woodlands_5x15_cabin,
          nzn_winding_woodlands_5x15_sawtooth, nzn_winding_woodlands_5x15_twine,
          nzn_winding_woodlands_5x15_garden,
          nzn_winding_woodlands_15x15_five_gardens], layout_loops_ring,
          hellmonk_guarded_unrand_zhor
Lair:4:   layout_loops_ring, slime_entry_1
Lair:5:   minmay_lair_end_enchanted_forest, layout_regular_city,
          grunt_megastairs_3
IceCv:    ice_cave_small_demon

Skill      XL: |  1  2  3  4  5  6  7  8  9 10 11 12 13 14 |
---------------+-------------------------------------------+-----
Axes           | 2 3 4 5 7 9 10 12 13 15 16 17 | 17.3
Fighting       | 4 5 6 7 8 9 10 12 13 | 13.8
Dodging        | 3 5 7 8 10 | 10.9
Shields        | 4 |  4.2
Armour         | |  2.6

Action                     |  1- 3 |  4- 6 |  7- 9 | 10-12 | 13-15 || total
---------------------------+-------+-------+-------+-------+-------++-------
  Melee: War axe           |    99 |   153 |   253 |   193 |       ||   698
         Headbutt          |    12 |    28 |    50 |    95 |   119 ||   304
         Unarmed           |       |    27 |       |       |       ||    27
         Broad axe         |       |       |       |   210 |   478 ||   688
 Invoke: Potion Petition   |       |       |       |     2 |     3 ||     5
         Call Merchant     |       |       |       |     1 |       ||     1
  Evoke: Wand              |       |     4 |     2 |     8 |     3 ||    17
    Use: Scroll            |     2 |     4 |    10 |    14 |     6 ||    36
         Potion            |     1 |     2 |     7 |     8 |     3 ||    21
   Stab: Paralysed         |       |     2 |     1 |       |       ||     3
         Distracted        |       |       |     1 |     5 |     3 ||     9
         Invisible         |       |       |       |     2 |     1 ||     3
 Armour: Scale mail        |    58 |    66 |    44 |       |       ||   168
         Plate armour      |       |       |   112 |   320 |   202 ||   634
         Skin              |       |       |       |     1 |       ||     1
  Dodge: Dodged            |    35 |    75 |    78 |   144 |    97 ||   429
  Block: Buckler           |    22 |    37 |    75 |   106 |   124 ||   364
         Reflection        |       |       |       |     1 |     9 ||    10
         Kite shield       |       |       |       |       |   121 ||   121

Table legend: (Time is in decaauts)
 A = Elapsed time spent in this place.
 B = Non-inter-level travel time spent in this place.
 C = Inter-level travel time spent in this place.
 D = Time resting spent in this place.
 E = Time spent auto-exploring this place.
 F = Levels seen in this place.
 G = Mean time per level.
                   A        B        C        D        E       F      G
               +--------+--------+--------+--------+--------+-----+--------+
         Total |  23089 |  22346 |    743 |   2966 |  15773 |  18 | 1282.7 |
       Dungeon |  14388 |  13894 |    494 |   1731 |   9764 |  12 | 1199.0 |
          Lair |   8505 |   8256 |    249 |   1127 |   5950 |   5 | 1701.0 |
      Ice Cave |    196 |    196 |      0 |    108 |     59 |   1 |  196.0 |
               +--------+--------+--------+--------+--------+-----+--------+

Top non-repeatable levels by time:
  Lair:5: 2244 daAuts
     D:9: 2049 daAuts
     D:5: 1983 daAuts
  Lair:3: 1857 daAuts
  Lair:2: 1649 daAuts
  Lair:1: 1495 daAuts
    D:10: 1422 daAuts
     D:8: 1282 daAuts
  Lair:4: 1258 daAuts
     D:4: 1258 daAuts
    D:11: 1144 daAuts
     D:7: 1104 daAuts
     D:6: 1004 daAuts
     D:1: 988 daAuts
     D:3: 975 daAuts
